 Dungeon Crawl Stone Soup version 0.22.0-75-g3901e79 (webtiles) character file.

72 Markonkel the Chopper (level 4, -4/61 HPs)
             Began as a Hill Orc Berserker on Sept 12, 2018.
             Was a Follower of Trog.
             Slain by an ogre
             ... wielding a +0 giant club
              (16 damage)
             ... on level 4 of the Dungeon on Sept 13, 2018.
             The game lasted 00:13:07 (2194 turns).

Markonkel the Chopper (Hill Orc Berserker)          Turns: 2194, Time: 00:13:07

Health: -4/61      AC: 10    Str: 24    XL:     4   Next: 26%
Magic:  4/4        EV:  8    Int:  8    God:    Trog [*.....]
Gold:   134        SH:  0    Dex: 10    Spells: 3/3 levels left

rFire    . . .     SeeInvis .   a - +0 hand axe
rCold    . . .     Gourm    .   (no shield)
rNeg     . . .     Faith    .   j - +0 chain mail
rPois    .         Spirit   .   (no helmet)
rElec    .         Reflect  .   (no cloak)
rCorr    .         Harm     .   k - +0 pair of gloves
MR       .....                  (no boots)
Stlth    ..........             (no amulet)
HPRegen  0.20/turn              (no ring)
MPRegen  0.09/turn              (no ring)

@: berserking (expiring), quick
A: no striking features
a: Berserk, Renounce Religion


You were on level 4 of the Dungeon.
You worshipped Trog.
Trog was aware of your devotion.
You were hungry.

You visited 1 branch of the dungeon, and saw 4 of its levels.

You collected 134 gold pieces.

Inventory:

Hand Weapons
 a - a +0 hand axe (weapon)
Missiles
 Q - 69 stones (quivered)
Armour
 b - a +0 animal skin
 j - a +0 chain mail (worn)
 k - a +0 pair of gloves (worn)
 r - a +3 leather armour of poison resistance
Wands
 p - a wand of disintegration (14)
Scrolls
 c - a scroll of enchant armour {unknown}
 d - 2 scrolls of magic mapping {unknown}
 f - a scroll of amnesia {unknown}
 h - a scroll of fog {unknown}
 i - 4 scrolls of identify
 o - a scroll of blinking {unknown}
 q - a scroll of enchant weapon {unknown}
Potions
 g - 2 potions of lignification {!q}
 l - a potion of degeneration {unknown}
 m - a potion of resistance {unknown}
 n - a potion of heal wounds {unknown}
Comestibles
 e - 7 rations
 s - a chunk of flesh


   Skills:
 + Level 4.5 Fighting
 + Level 5.0 Axes
 + Level 3.2 Armour
 - Level 1.5 Dodging


You had 3 spell levels left.
You didn't know any spells.
Your spell library was empty.

Dungeon Overview and Level Annotations

Branches:
Dungeon (4/15)
 Temple: D:4-7

Altars:
Sif Muna
Trog


Message History

You now have 41/61 hp.
You are too berserk!
Your unstable footing causes you to fumble your attack.
The ogre hits you with a giant club!
* * * LOW HITPOINT WARNING * * *
The giant cockroach closely misses you. The river rat closely misses you.
You take 10 damage, and have 31/61 hp.
Your unstable footing causes you to fumble your attack.
The giant cockroach barely misses you. The ogre hits you with a giant club!
* * * LOW HITPOINT WARNING * * *
The river rat bites you.
* * * LOW HITPOINT WARNING * * *
You take 19 damage, and have 12/61 hp.
MASSIVE DAMAGE!!
Your unstable footing causes you to fumble your attack.
The rat bites you but does no damage. The giant cockroach barely misses you.
Your unstable footing causes you to fumble your attack.
The river rat barely misses you. The rat bites you but does no damage.
The ogre hits you with a giant club!
You die...

.........#
.........##
..........#
+##'..# #≈≈#..#
##≈≈##.# #≈≈≈≈#.#
...###...#≈Osr#.#
.........##r@##O#
#.........#≈≈#..#
#........##++##.#
#........# #.##
#........######..#
#................#
#######..........#
#......#....O..###
#......#.......#


You could see an ogre, a river rat, a giant cockroach and a rat.

Vault maps used:
D:1:      dpeg_arrival_rooms_a
D:2:      lemuel_doored_altar, hangedman_abyss_or_decor_lesser_grid
D:3:      overflow_temple_1_default, lemuel_round_altar
D:4:      temple_hall, first_ration, gup_sewer_entry_bowl, uniq_ijyb

Notes
Turn   | Place    | Note
-------+----------+-------------------------------------------
     0 | D:1      | Markonkel the Hill Orc Berserker began the quest for the
                  | Orb.
     0 | D:1      | Reached XP level 1. HP: 19/19 MP: 1/1
   320 | D:1      | Reached XP level 2. HP: 21/27 MP: 2/2
   668 | D:1      | Reached skill level 4 in Fighting
  1309 | D:1      | Identified a +0 chain mail (You found it on level 1 of the
                  | Dungeon)
  1368 | D:2      | Identified a +0 pair of gloves (You found it on level 2 of
                  | the Dungeon)
  1381 | D:2      | Reached XP level 3. HP: 30/33 MP: 3/3
  1571 | D:2      | Found a deep blue altar of Sif Muna.
  1769 | D:3      | Identified 4 scrolls of identify
  1769 | D:3      | Identified 3 potions of lignification
  1829 | D:3      | Found a bloodstained altar of Trog.
  1957 | D:4      | Reached skill level 3 in Armour
  2116 | D:4      | Noticed Ijyb
  2124 | D:4      | Killed Ijyb
  2124 | D:4      | Reached skill level 5 in Axes
  2124 | D:4      | Reached XP level 4. HP: 41/41 MP: 4/4
  2150 | D:4      | Noticed an ogre
  2192 | D:4      | HP: 12/61 [river rat (4)]
  2194 | D:4      | Identified a +0 giant club
  2194 | D:4      | Slain by an ogre

Table legend:
 A = Turns spent in this place as a percentage of turns spent in the entire game.
 B = Non-inter-level travel turns spent in this place as a percentage of non-inter-level travel turns spent in the entire game.
 C = Inter-level travel turns spent in this place as a percentage of turns spent in this place.
 D = Turns resting spent in this place as a percentage of non-inter-level travel turns spent in this place.
 E = Turns spent auto-exploring this place as a percentage of non-inter-level travel turns spent in this place.
 F = Non-inter-level travel turns spent in this place divided by the number of levels of this place that you've seen.
                   A       B       C       D       E      F
               +-------+-------+-------+-------+-------+----------------------
         Total | 100.0 | 100.0 |   2.4 |   3.8 |  76.8 | 535.2
       Dungeon | 100.0 | 100.0 |   2.4 |   3.8 |  76.8 | 535.2
               +-------+-------+-------+-------+-------+----------------------

Table legend:
 A = Kills in this place as a percentage of kills in entire the game.
 B = Kills by you in this place as a percentage of kills by you in the entire game.
 C = Kills by friends in this place as a percentage of kills by friends in the entire game.
 D = Other kills in this place as a percentage of other kills in the entire game.
 E = Experience gained in this place as a percentage of experience gained in the entire game.
 F = Experience gained in this place divided by the number of levels of this place that you have seen.
                   A       B       C       D       E      F
               +-------+-------+-------+-------+-------+----------------------
         Total | 100.0 | 100.0 |   N/A |   N/A | 100.0 |  26.0
       Dungeon | 100.0 | 100.0 |   N/A |   N/A | 100.0 |  26.0
               +-------+-------+-------+-------+-------+----------------------

Skill      XL: |  1  2  3 |
---------------+----------+-----
Fighting       | 4 |  4.5
Armour         | 3 |  3.2
Axes           | 5 |  5.0
Dodging        | |  1.5

Action                   |  1- 3 |  4- 6 || total
-------------------------+-------+-------++-------
Melee: Hand axe          |   122 |     5 ||   127
Invok: Berserk           |     2 |     1 ||     3
  Use: Scroll            |     1 |       ||     1
       Potion            |     1 |       ||     1
  Eat: Chunk             |     5 |     1 ||     6
Armor: Animal skin       |    17 |       ||    17
       Chain mail        |    57 |     6 ||    63
       Skin              |    16 |       ||    16
Dodge: Dodged            |    69 |    16 ||    85

Vanquished Creatures
  Ijyb (D:4)
  A gnoll (D:4)
  An ooze (D:1)
  An orc (D:3)
  7 bats
  3 giant cockroaches
  3 goblins
  4 hobgoblins
  A quokka (D:3)
  2 frilled lizards
  3 kobolds (D:1)
  A leopard gecko skeleton (D:4)
  7 rats
35 creatures vanquished.
